 Dungeon Crawl Stone Soup version 0.29-a0-541-gaf1fc19f1b (webtiles) character file.

Game seed: 4199419315225241525

3794 xian the Spear-Bearer (level 9, -2/118 HPs)
             Began as a Grey Draconian Berserker on June 3, 2022.
             Was a Priest of Trog.
             Slain by a human
             ... wielding a +0 vorpal hand axe
              (3 damage)
             ... in a bailey.
             The game lasted 00:26:08 (6517 turns).

xian the Spear-Bearer (Grey Draconian Berserker)    Turns: 6517, Time: 00:26:08

Health: -2/118     AC: 24    Str: 23    XL:     9   Next: 96%
Magic:  9/9        EV:  2    Int: 11    God:    Trog [***...]
Gold:   308        SH:  0    Dex: 18    Spells: 8/8 levels left

rFire   . . .      SeeInvis .   l - +4 halberd of Zatotef {vorpal, rPois rCorr Int+4}
rCold   . . .      Faith    .   (shield currently unavailable)
rNeg    . . .      Spirit   .   (body armour unavailable)
rPois   +          Reflect  .   (helmet currently unavailable)
rElec   .          Harm     .   (cloak currently unavailable)
rCorr   +          Rampage  .   (gloves currently unavailable)
Will    .....      NoTele   +   (boots currently unavailable)
Stlth   +++.......              (no amulet)
HPRegen 0.29/turn               c - +6 ring of dexterity
MPRegen 0.11/turn               q - ring of poison resistance

@: tree-form, on berserk cooldown, slowed, studying Fire Magic, very slow
A: stationary, stasis, torment immunity, boosted hp, AC +12, (amphibious),
unfitting armour, (cold-blooded)
a: Renounce Religion, Berserk, Trog's Hand


You were in a bailey.
You worshipped Trog.
Trog was most pleased with you.
You were a tree.
You visited 1 branch of the dungeon, and saw 7 of its levels.
You also visited: Bailey.

You collected 308 gold pieces.

Inventory:

Hand Weapons
 l - the +4 halberd of Zatotef (weapon) {vorpal, rPois rCorr Int+4}
   (You found it on level 2 of the Dungeon)

   It inflicts extra damage upon your enemies.
   Int:       It affects your intelligence (+4).
   rPois:     It protects you from poison.
   rCorr:     It protects you from acid and corrosion.
 B - a +5 flail of venom
Missiles
 h - 2 curare-tipped darts
 k - 20 poisoned darts (quivered)
Armour
 v - a +0 pair of boots (melded)
 w - a +0 pair of gloves (melded)
Jewellery
 c - a +6 ring of dexterity (left branch)
 q - a ring of poison resistance (right branch)
 x - a ring of willpower
 C - a ring of ice
Wands
 o - a wand of iceblast (10)
 r - a wand of flame (21)
 A - a wand of paralysis (4)
Scrolls
 a - a scroll of blinking
 e - 4 scrolls of enchant weapon
 f - 2 scrolls of amnesia
 g - 2 scrolls of enchant armour {unknown}
 i - 4 scrolls of teleportation {unknown}
 m - 2 scrolls of poison
 p - 3 scrolls of magic mapping {unknown}
 D - 2 scrolls of vulnerability {unknown}
 E - a scroll of fog
 G - a scroll of acquirement {unknown}
Potions
 b - 2 potions of lignification
 d - 6 potions of attraction
 j - a potion of magic {unknown}
 n - 3 potions of flight {unknown}
 s - 2 potions of heal wounds {unknown}
 t - 2 potions of might
 u - 3 potions of curing {unknown}
 z - a potion of cancellation {unknown}
 F - a potion of brilliance {unknown}
Miscellaneous
 y - a piece from Xom's chessboard (15/15)


   Skills:
 + Level 7.5 Fighting
 + Level 4.8 Long Blades
 + Level 9.9 Polearms
 + Level 0.3 Throwing
 + Level 5.8 Dodging
 + Level 4.3 Stealth


You had 8 spell levels left.
You didn't know any spells.
Your spell library contained the following spells:

 Spells                   Type           Power      Damage    Failure   Level
 Shock                    Conj/Air       0%         1d3       34%         1
 Ignite Poison            Fire/Tmut/Pois 0%         N/A       71%         3
 Mephitic Cloud           Conj/Pois/Air  0%         N/A       71%         3
 Swiftness                Air            0%         N/A       71%         3
 Airstrike                Air            0%         N/A       98%         4
 Freezing Cloud           Conj/Ice/Air   0%         6-21      100%        5


Dungeon Overview and Level Annotations

Branches:
Dungeon (7/15)             Temple (0/1) D:4          Bailey (1/1)

Altars:
Gozag
Qazlal
Xom
The Shining One


Innate Abilities, Weirdness & Mutations

You are a tree.
Your roots penetrate the ground, keeping you stationary.
You cannot be teleported.
You are immune to unholy pain and torment.
Your maximum health is greatly increased.
Your equipment is partially melded.
((Your dull iron-grey scales are very hard. (AC +12)))
((You are amphibious.))
You cannot fit into any form of body armour.
((You are cold-blooded and may be slowed by cold attacks.))


Message History

The orc warrior is poisoned.
The orc warrior is severely wounded.
The goblin hits you but does no damage.
The orc warrior hits you with a +0 war axe.
* * * LOW HITPOINT WARNING * * *
The goblin hits you but does no damage.
The orc warrior hits you but does no damage.
Throw: 21 darts (poison)
Press: ? - help, Q - select action, (/) - cycle Shift-Dir - straight line, f/p - orc warrior
Aim: an orc warrior, wielding a +0 war axe and wearing a +0 ring mail (severely wounded, poisoned, 58% to hit)
You throw a poisoned dart. The poisoned dart hits the orc warrior.
The orc warrior looks even sicker.
The orc warrior is severely wounded.
The goblin hits you but does no damage.
The orc warrior hits you but does no damage.
Aiming: Paralyse
Press: ? - help, Shift-Dir - straight line, f/p - orc warrior
Aim: an orc warrior, wielding a +0 war axe and wearing a +0 ring mail (severely wounded, very poisoned, chance to affect: 49%)
The orc warrior suddenly stops moving!
You kill the goblin!
Trog accepts your kill. The human hits you but does no damage.
The helpless orc warrior fails to defend itself.
You puncture the orc warrior!
You kill the orc warrior!
Trog accepts your kill. The human barely misses you.
You cannot move.
You hit the human.
The human is moderately wounded.
The human hits you with a +0 vorpal hand axe.
* * * LOW HITPOINT WARNING * * *
x2 The human hits you but does no damage.
You puncture the human!
The human is heavily wounded.
The human hits you but does no damage.
You slash the human!
The human is almost dead.
The human hits you with a +0 vorpal hand axe.
You die...

##### ##...##
+..∩..#
######)....#
#+#...))p♣∩..#
#.....)##...##
#.......#####
######...#
##..# ..# ..#
.## ##


You could see a human.

Vanquished Creatures
  Pikel (D:5)
  Grinder (D:3)
  3 humans (Bailey)
  Edmund (D:5)
  3 orc warriors
  A black bear (D:4)
  3 ogres
  4 centaurs
  3 phantoms (D:4)
  2 kobold brigands
  5 bullfrogs
  2 scorpions (D:6)
  A necrophage (D:6)
  4 wights (D:7)
  5 hounds
  A jelly (D:5)
  3 orc priests
  Jessica (D:3)
  An iguana (D:6)
  An orc wizard (D:6)
  Terence (D:3)
  Robin (D:3)
  7 adders
  4 gnolls
  A shadow imp (D:7)
  A white imp (D:5)
  3 worms
  3 dart slugs
  24 orcs
  7 bats
  6 endoplasms
  5 giant cockroaches
  15 goblins
  10 hobgoblins
  12 kobolds
  3 quokkas
  8 ball pythons
  5 frilled lizards
  6 rats
  A butterfly (D:5)
169 creatures vanquished.

Notes
Turn   | Place    | Note
-------+----------+-------------------------------------------
     0 | D:1      | xian the Draconian Berserker began the quest for the Orb.
     0 | D:1      | Reached XP level 1. HP: 19/19 MP: 1/1
    70 | D:1      | Found a faded altar of an unknown god.
   285 | D:1      | Reached XP level 2. HP: 26/26 MP: 2/2
   587 | D:1      | Reached ** piety under Trog
   713 | D:1      | Reached XP level 3. HP: 32/33 MP: 3/3
  1188 | D:2      | Identified the +4 halberd of Zatotef {vorpal, rPois rCorr
                  | Int+4}
  1469 | D:2      | Reached XP level 4. HP: 40/40 MP: 4/4
  1844 | D:3      | Noticed Grinder
  1850 | D:3      | Paralysed by Grinder for 3 turns
  1858 | D:3      | Killed Grinder
  1859 | D:3      | Reached skill level 2 in Polearms
  1859 | D:3      | Reached skill level 1 in Stealth
  1859 | D:3      | Reached XP level 5. HP: 47/47 MP: 5/5
  1947 | D:3      | Reached XP level 6. HP: 44/53 MP: 6/6
  2039 | D:3      | Noticed Jessica
  2051 | D:3      | Killed Jessica
  2138 | D:3      | Noticed Robin
  2152 | D:3      | Reached skill level 5 in Fighting
  2154 | D:3      | Killed Robin
  2344 | D:3      | Noticed Terence
  2352 | D:3      | Killed Terence
  2652 | D:4      | Reached skill level 3 in Polearms
  2873 | D:4      | Reached *** piety under Trog
  2903 | D:4      | Your scales start taking on a dull iron-grey colour.
  2903 | D:4      | Reached XP level 7. HP: 50/61 MP: 7/7
  3069 | D:4      | Reached skill level 4 in Polearms
  3183 | D:4      | Found a staircase to the Ecumenical Temple.
  3710 | D:5      | Entered Level 5 of the Dungeon
  3780 | D:5      | Reached skill level 5 in Polearms
  3783 | D:5      | Reached XP level 8. HP: 70/70 MP: 8/8
  3948 | D:5      | Found a shimmering altar of Xom.
  3998 | D:5      | Reached skill level 6 in Polearms
  4145 | D:5      | Reached skill level 5 in Dodging
  4291 | D:5      | Noticed Edmund
  4303 | D:5      | Killed Edmund
  4474 | D:5      | Noticed Pikel
  4483 | D:5      | Killed Pikel
  4484 | D:5      | Reached skill level 7 in Polearms
  4484 | D:5      | Reached XP level 9. HP: 78/78 MP: 9/9
  4839 | D:6      | Reached skill level 8 in Polearms
  5023 | D:6      | Found an opulent altar of Gozag.
  5025 | D:6      | Found a glowing golden altar of the Shining One.
  5246 | D:6      | Found a stormy altar of Qazlal.
  6115 | D:7      | Reached skill level 9 in Polearms
  6437 | D:7      | Found a flagged portal.
  6468 | Bailey   | Entered a bailey
  6515 | Bailey   | HP: 2/118 [human/+0 vorpal hand axe (6)]
  6517 | Bailey   | Slain by a human

Illustrated notes

Levels and vault maps discovered:
D:1:      dpeg_arrival_prison, layout_loops_cross,
          ebering_ecumenical_altar_abandoned
D:2:      layout_basic
D:3:      layout_loops_ring, uniq_terence, uniq_grinder, uniq_jessica,
          uniq_robin
D:4:      layout_basic, temple_green, serial_co_window_serial,
          co_window_paths_a, co_window_paths_a, co_window_paths_a,
          co_window_paths_a, co_window_paths_a, co_window_paths_c,
          co_window_2corner, co_window_corner_cb, co_window_unsneaky_path_d,
          co_window_broadway_c, co_window_4corner_a, glass_columns_b,
          glass_columns_b, hangedman_abyss_or_decor_stabs,
          nicolae_underground_beach
D:5:      layout_loops_ring, xom_butterflies, palyth_stone_intersect,
          minmay_manual_moon, uniq_pikel, uniq_edmund
D:6:      layout_layer_cave, nicolae_overflow_squiral, grunt_qazlal_clouds,
          hex_tiny, nrook_loot_triangle
D:7:      layout_loops_ring, enter_bailey_6, minmay_misc_feat_room,
          amcnicky_mini_pool_small, minmay_strange_pillars
Bailey:   bailey_axe_froggy_fort_hellmonk, bailey

Skill      XL: |  1  2  3  4  5  6  7  8  9 |
---------------+----------------------------+-----
Dodging        | 3 4 5 |  5.8
Fighting       | 4 5 6 7 |  7.5
Long Blades    | 4 |  4.8
Polearms       | 2 3 5 7 9 |  9.9
Stealth        | 1 2 3 4 |  4.3
Throwing       | |  0.3

Action                   |  1- 3 |  4- 6 |  7- 9 || total
-------------------------+-------+-------+-------++-------
Melee: Falchion          |    84 |       |       ||    84
       Tailslap          |    10 |     8 |    23 ||    41
       Halberd           |    16 |    83 |   235 ||   334
Throw: Dart              |       |     1 |     7 ||     8
Invok: Berserk           |       |     3 |     9 ||    12
       Trog's Hand       |       |     2 |     9 ||    11
Evoke: Wand              |       |       |     1 ||     1
  Use: Scroll            |       |       |     7 ||     7
       Potion            |       |       |     1 ||     1
 Stab: Sleeping          |     1 |     3 |     6 ||    10
       Distracted        |       |       |     1 ||     1
       Paralysed         |       |       |     1 ||     1
Armor: Skin              |    48 |    41 |   127 ||   216
Dodge: Dodged            |   127 |    71 |   199 ||   397

Table legend: (Time is in decaauts)
 A = Elapsed time spent in this place.
 B = Non-inter-level travel time spent in this place.
 C = Inter-level travel time spent in this place.
 D = Time resting spent in this place.
 E = Time spent auto-exploring this place.
 F = Levels seen in this place.
 G = Mean time per level.
                   A        B        C        D        E       F      G
               +--------+--------+--------+--------+--------+-----+--------+
         Total |   6701 |   6546 |    155 |     33 |   4224 |   8 |  837.6 |
       Dungeon |   6643 |   6488 |    155 |     33 |   4224 |   7 |  949.0 |
        Bailey |     57 |     57 |      0 |      0 |      0 |   1 |   57.0 |
               +--------+--------+--------+--------+--------+-----+--------+

Top non-repeatable levels by time:
     D:6: 1375 daAuts
     D:4: 1157 daAuts
     D:5: 1061 daAuts
     D:1: 974 daAuts
     D:3: 874 daAuts
     D:2: 800 daAuts
     D:7: 399 daAuts
  Bailey: 57 daAuts
